 Dungeon Crawl Stone Soup version 0.30-a0-912-ge10d75a369 (webtiles) character file.

Game seed: 2611473278847009041

1141 Grim the Spear-Bearer (level 8, -5/84 HPs)
             Began as a Merfolk Gladiator on Mar 19, 2023.
             Slain by a bullfrog (6 damage)
             ... on level 8 of the Dungeon.
             The game lasted 00:08:08 (4249 turns).

Grim the Spear-Bearer (Merfolk Gladiator)           Turns: 4249, Time: 00:08:08

Health: -5/84      AC: 24    Str: 14    XL:     8   Next: 37%
Magic:  8/8        EV:  2    Int: 13    God:
Gold:   204        SH:  0    Dex: 18    Spells: 7/7 levels left

rFire   + . .      SeeInvis .    a - +0 trident
rCold   + . .      Faith    .    (no shield)
rNeg    . . .      Spirit   .    v - melded +0 ring mail {rF+}
rPois   +          Reflect  .    w - melded +2 hat {Stlth+}
rElec   +          Rampage  .    (cloak currently unavailable)
rCorr   +          NoTele   +    (gloves currently unavailable)
Will    .....                    p - melded +0 pair of boots
Stlth   ++                       (no amulet)
HPRegen 0.34/turn                o - +6 ring of intelligence
MPRegen 0.11/turn                (no ring)

@: tree-form, resistant
A: stationary, stasis, torment immunity, boosted hp, (nimble swimmer 2),
(mertail)
a: no special abilities


You were on level 8 of the Dungeon.
You were a tree.
You visited 1 branch of the dungeon, and saw 6 of its levels.
You also visited: Ossuary.

You collected 204 gold pieces.

Inventory:

Hand Weapons
 a - a +0 trident (weapon)
Missiles
 e - a javelin (quivered)
 j - 4 silver javelins
Armour
 b - a +0 leather armour
 c - a +0 helmet
 n - a +0 scale mail
 p - a +0 pair of boots (melded)
 v - a +0 ring mail of fire resistance (melded)
 w - a +2 hat of stealth (melded)
Jewellery
 o - a +6 ring of intelligence (left branch)
 A - a ring of poison resistance
Scrolls
 f - 6 scrolls of identify {unknown}
 i - a scroll of poison {unknown}
 k - 4 scrolls of silence {unknown}
 r - 3 scrolls of blinking {unknown}
 t - 3 scrolls of teleportation {unknown}
 u - 2 scrolls of fog {unknown}
 y - a scroll of immolation {unknown}
 B - a scroll of enchant weapon {unknown}
 C - a scroll of noise {unknown}
Potions
 g - a potion of resistance
 h - 2 potions of lignification
 l - a potion of magic {unknown}
 m - a potion of ambrosia {unknown}
 q - a potion of attraction {unknown}
 s - a potion of brilliance {unknown}
 x - a potion of mutation {unknown}
 z - a potion of invisibility {unknown}


   Skills:
 - Level 2.1 Fighting
 * Level 11.0 Polearms
 + Level 5.8 Throwing
 - Level 4.0 Dodging


You had 7 spell levels left.
You didn't know any spells.
Your spell library contained the following spells:

 Spells                   Type           Power      Damage    Failure   Level
 Freeze                   Ice            0%         1d3       30%         1
 Sting                    Tmut/Pois      0%         1d3       30%         1
 Poisonous Vapours        Pois/Air       0%         N/A       43%         2
 Frozen Ramparts          Ice            0%         1d1       67%         3
 Gell's Gravitas          Tloc           0%         N/A       67%         3
 Hailstorm                Conj/Ice       0%         3d3       67%         3
 Teleport Other           Tloc           0%         N/A       67%         3
 Olgreb's Toxic Radiance  Pois           0%         N/A       97%         4
 Dispersal                Tloc           0%         N/A       100%        6


Dungeon Overview and Level Annotations

Branches:
Dungeon (5/15)            Ossuary (visited)
 Temple: D:4-7

Altars:
Dithmenos
Elyvilon
Nemelex Xobeh
Vehumet
Xom

Annotations:
D:3 2 runed translucent doors, Kiciri's ghost, novice FoHu


Innate Abilities, Weirdness & Mutations

You are a tree.
Your roots penetrate the ground, keeping you stationary.
You cannot be teleported.
You are immune to unholy pain and torment.
Your maximum health is greatly increased.
Your equipment is partially melded.
((You are very nimble when in or above water. (Stealth+, EV+, Speed+++)))
((Your lower body shifts to a powerful aquatic tail in water.))


Message History

Your roots penetrate the ground.
The bullfrog hits you but does no damage.
The orc struggles against the net.
You closely miss the bullfrog.
The bullfrog is lightly wounded.
The bullfrog completely misses you.
You hit the bullfrog.
The bullfrog is moderately wounded.
The bullfrog hits you but does no damage.
The orc struggles against the net.
You hit the bullfrog.
The bullfrog is moderately wounded.
The bullfrog hits you but does no damage.
The orc struggles against the net.
The net rips apart, and the orc comes free!
You miss the bullfrog.
The bullfrog is moderately wounded.
The bullfrog hits you but does no damage.
You closely miss the bullfrog.
The bullfrog is moderately wounded.
The bullfrog hits you but does no damage. x2
You hit the bullfrog.
The bullfrog is heavily wounded.
The bullfrog releases a deep croak.
The bullfrog hits you but does no damage.
You puncture the bullfrog!
The bullfrog is almost dead.
The bullfrog hits you.
* * * LOW HITPOINT WARNING * * *
You closely miss the bullfrog.
The bullfrog is severely wounded.
The bullfrog hits you but does no damage.
You barely miss the bullfrog.
The bullfrog is severely wounded.
The bullfrog hits you.
* * * LOW HITPOINT WARNING * * *
It was a potion of resistance.
You feel protected. The bullfrog hits you.
You die...

..##.# #..# . #.#.. ##..#
..###.... #...## .........
#....## ........## ##....##
.........### ###...###
o........#.### ###...####
o.........).o######### ##...))#
.........)..ooF♣.....#########)#
.........#######.[###..≈≈≈≈≈..##
##.......# #..# #.≈.....≈.#
#.....#..# ##.###.≈.≈≈≈.≈.#
.....###.. #..##.≈≈...≈≈.# .#...
#.# #...#.≈≈._.≈≈.## #..# ###
##..#.≈≈...≈≈.## ####.≈.≈≈≈.≈.#.
#.≈.....≈.#.


You could see a bullfrog and 3 orcs.

Vanquished Creatures
  A phantom (D:4)
  A bullfrog (D:8)
  2 elf zombies (Ossuary)
  A scorpion (D:3)
  An elf skeleton (D:4)
  3 centaur zombies (Ossuary)
  3 hounds (D:4)
  A jelly (D:4)
  2 orc priests (D:8)
  A human zombie (D:4)
  2 human skeletons (D:4)
  A sleepcap (D:4)
  3 orc wizards (D:8)
  3 hound zombies (Ossuary)
  3 mummies (Ossuary)
  7 adders
  4 adder zombies (Ossuary)
  A worm (D:3)
  11 orcs
  4 endoplasms
  3 giant cockroaches
  2 gnoll zombies (Ossuary)
  5 goblins
  12 hobgoblins
  8 jackals
  7 kobolds
  4 quokkas
  5 ball pythons
  3 bats (D:1)
  4 frilled lizards
  3 goblin zombies (Ossuary)
  4 hobgoblin zombies (Ossuary)
  4 jackal zombies (Ossuary)
  2 kobold zombies (Ossuary)
  An orc skeleton (D:4)
  An orc zombie (D:4)
  4 quokka zombies (Ossuary)
  5 rats
  3 rat zombies (Ossuary)
135 creatures vanquished.

Notes
Turn   | Place    | Note
-------+----------+-------------------------------------------
     0 | D:1      | Grim the Merfolk Gladiator began the quest for the Orb.
     0 | D:1      | Reached XP level 1. HP: 16/16 MP: 1/1
    93 | D:1      | Reached XP level 2. HP: 22/22 MP: 2/2
   331 | D:1      | Reached skill level 5 in Polearms
   437 | D:1      | Reached XP level 3. HP: 27/27 MP: 3/3
   759 | D:2      | Reached XP level 4. HP: 33/33 MP: 4/4
  1241 | D:3      | Noticed a scorpion
  1257 | D:3      | Killed a scorpion
  1258 | D:3      | Reached skill level 6 in Polearms
  1258 | D:3      | Reached XP level 5. HP: 28/38 MP: 5/5
  1544 | D:3      | Found a runed translucent door.
  1548 | D:3      | Noticed Kiciri's ghost (novice FoHu)
  1670 | D:3      | Found a runed translucent door.
  2141 | D:4      | Found a sand-covered staircase.
  2157 | D:4      | Reached skill level 7 in Polearms
  2157 | D:4      | Reached XP level 6. HP: 42/44 MP: 6/6
  2159 | Ossuary  | Entered an ossuary
  2319 | Ossuary  | Reached skill level 8 in Polearms
  2484 | Ossuary  | Reached XP level 7. HP: 41/50 MP: 7/7
  2504 | Ossuary  | Reached skill level 9 in Polearms
  2998 | D:4      | Reached skill level 5 in Throwing
  3211 | D:4      | Reached skill level 10 in Polearms
  3460 | D:4      | Reached XP level 8. HP: 49/56 MP: 8/8
  3551 | D:4      | Found a shadowy altar of Dithmenos.
  3551 | D:4      | Found a radiant altar of Vehumet.
  3551 | D:4      | Found a sparkling altar of Nemelex Xobeh.
  3915 | D:5      | Entered Level 5 of the Dungeon
  3954 | D:5      | Found a white marble altar of Elyvilon.
  3970 | D:5      | You fall into a shaft and drop 3 floors!
  3970 | D:8      | Found a shimmering altar of Xom.
  4222 | D:8      | Reached skill level 11 in Polearms
  4248 | D:8      | HP: 1/84 [bullfrog (4)]
  4249 | D:8      | Slain by a bullfrog

Illustrated notes

Levels and vault maps discovered:
D:1:      lightli_arrival_chessboard, layout_rooms
D:2:      layout_basic
D:3:      layout_basic, ebering_ghost_sewer_f
D:4:      layout_loops_ring, gammafunk_temple_overflow_forgotten,
          nicolae_ossuary_entry_catacombs
D:5:      layout_loops_ring, nicolae_qazlal_general_emergency,
          kennysheep_little_box, minmay_misc_feat_iff,
          minmay_misc_feat_more_columns, uniq_prince_ribbit1
D:8:      layout_layer_cave, mainiacjoe_overflow_paths,
          nicolae_sif_muna_little_library, mainiacjoe_overflow_six_doors_small,
          mainiacjoe_overflow_boulevard, ashenzari_altar_1, serial_shops,
          nicolae_shop_window_shopping

Skill      XL: |  1  2  3  4  5  6  7  8 |
---------------+-------------------------+-----
Polearms       | 5 6 7 8 10 11 | 11.0
Throwing       | 3 4 5 |  5.8
Fighting       | |  2.1
Dodging        | |  4.0

Action                     |  1- 3 |  4- 6 |  7- 9 || total
---------------------------+-------+-------+-------++-------
  Melee: Trident           |    89 |   260 |   308 ||   657
         Punch             |     1 |       |     4 ||     5
  Throw: Stone             |       |     3 |       ||     3
         Throwing net      |       |     2 |     1 ||     3
    Use: Potion            |       |       |     2 ||     2
   Stab: Sleeping          |       |     3 |     6 ||     9
         Held in net/web   |       |     1 |       ||     1
 Armour: Leather armour    |    13 |     4 |       ||    17
         Scale mail        |       |     8 |       ||     8
         Ring mail         |       |    97 |   100 ||   197
         Skin              |       |       |     8 ||     8
  Dodge: Dodged            |    31 |   127 |   126 ||   284

Table legend: (Time is in decaauts)
 A = Elapsed time spent in this place.
 B = Non-inter-level travel time spent in this place.
 C = Inter-level travel time spent in this place.
 D = Time resting spent in this place.
 E = Time spent auto-exploring this place.
 F = Levels seen in this place.
 G = Mean time per level.
                   A        B        C        D        E       F      G
               +--------+--------+--------+--------+--------+-----+--------+
         Total |   4173 |   4048 |    125 |    444 |   2498 |   7 |  596.1 |
       Dungeon |   3518 |   3393 |    125 |    191 |   2320 |   6 |  586.3 |
       Ossuary |    654 |    654 |      0 |    253 |    178 |   1 |  654.0 |
               +--------+--------+--------+--------+--------+-----+--------+

Top non-repeatable levels by time:
     D:4: 1163 daAuts
     D:3: 894 daAuts
 Ossuary: 654 daAuts
     D:2: 621 daAuts
     D:1: 527 daAuts
     D:8: 256 daAuts
     D:5: 54 daAuts
